 Dungeon Crawl Stone Soup version 0.30.0 (webtiles) character file.

Game seed: 10324322131905239280

275 Lobster4 the Conjurer (level 6, -3/44 HPs)
             Began as a Human Conjurer on May 7, 2023.
             Was an Initiate of the Shining One.
             Slain by Prince Ribbit (11 damage)
             ... on level 4 of the Dungeon.
             The game lasted 00:11:27 (4527 turns).

Lobster4 the Conjurer (Human Conjurer)              Turns: 4527, Time: 00:11:27

Health: -3/44      AC:  4    Str:  7    XL:     6   Next: 50%
Magic:  2/10       EV: 12    Int: 20    God:    the Shining One [......]
Gold:   185        SH:  0    Dex: 12    Spells: 7/10 levels left

rFire   . . .        e - +0 short sword
rCold   . . .        (no shield)
rNeg    . . .        a - +0 robe
rPois   .            (no helmet)
rElec   .            (no cloak)
rCorr   .            (no gloves)
SInv    .            l - +1 pair of boots
Will    .....        (no amulet)
Stlth   +            (no ring)
HPRegen 0.27/turn    (no ring)
MPRegen 0.12/turn

%: no passive effects
@: glowing
A: no striking features
a: Renounce Religion


You were on level 4 of the Dungeon.
You worshipped the Shining One.
The Shining One was noncommittal.
You visited 1 branch of the dungeon, and saw 5 of its levels.

You collected 185 gold pieces.

Inventory:

Hand Weapons
 e - a +0 short sword (weapon)
Missiles
 w - 4 poisoned darts
Armour
 a - a +0 robe (worn)
 l - a +1 pair of boots (worn)
 m - a +0 leather armour
Jewellery
 t - a ring of wizardry
Wands
 v - a wand of roots (5)
Scrolls
 d - a scroll of brand weapon {unknown}
 h - 4 scrolls of enchant armour
 i - a scroll of blinking {unknown}
 p - 2 scrolls of enchant weapon {unknown}
 q - a scroll of teleportation {unknown}
 s - a scroll of immolation
 u - 2 scrolls of identify
 x - a scroll of fog {unknown}
Potions
 b - 2 potions of magic
 c - a potion of brilliance
 f - 3 potions of resistance {unknown}
 g - a potion of flight
 j - a potion of haste
 k - 3 potions of curing
 n - 2 potions of might


   Skills:
 + Level 2.0 Fighting
 + Level 1.5 Short Blades
 + Level 0.0 Throwing
 + Level 2.0 Armour
 + Level 2.9 Dodging
 - Level 2.0 Stealth
 + Level 1.2 Shields
 + Level 2.9 Spellcasting
 + Level 4.6 Conjurations
 + Level 1.3 Earth Magic
 + Level 0.0 Invocations
 + Level 0.0 Evocations


You had 7 spell levels left.
You knew the following spells:

 Your Spells              Type           Power      Damage    Failure   Level
a - Magic Dart            Conj           84%        1d7       2%          1
b - Searing Ray           Conj           42%        2d6       3%          2

Your spell library contained the following spells:

 Spells                   Type           Power      Damage    Failure   Level
 Foxfire                  Conj/Fire      48%        2x1d6     5%          1
 Momentum Strike          Conj/Tloc      24%        3d8       9%          2
 Dazzling Flash           Conj/Hex       24%        N/A       17%         3
 Blink                    Tloc           4%         N/A       22%         2
 Ensorcelled Hibernation  Hex/Ice        4%         N/A       22%         2
 Lesser Beckoning         Tloc           4%         N/A       22%         2
 Spider Form              Tmut/Pois      2%         N/A       41%         3
 Fulminant Prism          Conj/Hex       6%         3d7       50%         4
 Iskenderun's Mystic Bla  Conj/Tloc      12%        2d5       50%         4
 Anguish                  Hex/Necr       1%         N/A       82%         4
 Fireball                 Conj/Fire      6%         3d5       83%         5
 Plasma Beam              Fire/Air       1%         2x1d12    100%        6
 Starburst                Conj/Fire      6%         6d4       100%        6
 Chain Lightning          Conj/Air       6%         3d8       100%        9
 Fire Storm               Conj/Fire      6%         8d2       100%        9
 Shatter                  Erth           4%         3d7*      100%        9


Dungeon Overview and Level Annotations

Branches:
Dungeon (5/15)
 Temple: D:4-7

Altars:
The Shining One

Annotations:
D:4 exclusion: ogre, Prince Ribbit


Message History

Aim: Prince Ribbit (lightly wounded, constricted by roots, 85% to hit)
You throw a poisoned dart. The poisoned dart hits Prince Ribbit.
Prince Ribbit is poisoned.
Prince Ribbit is lightly wounded.
The grasping roots constrict Prince Ribbit!
The roots release their grip on Prince Ribbit.
Prince Ribbit barely misses you.
Casting: Searing Ray (safe; 3% risk of failure)
Confirm with . or Enter, or press ? or * to list all spells.
Aiming: Searing Ray (safe; 3% risk of failure)
Press: ? - help, Shift-Dir - straight line, f/p - Prince Ribbit
Aim: Prince Ribbit (moderately wounded, poisoned, 61% to hit)
The searing ray hits Prince Ribbit.
Prince Ribbit is heavily wounded. (Press . to maintain the ray.) Prince Ribbit hits you!
The searing ray misses Prince Ribbit.
Prince Ribbit hits you!
The searing ray misses Prince Ribbit.
Prince Ribbit barely misses you. Prince Ribbit hits you!
* * * LOW HITPOINT WARNING * * *
You feel much better. Prince Ribbit hits you!
Casting: Searing Ray (safe; 3% risk of failure)
Confirm with . or Enter, or press ? or * to list all spells.
Aiming: Searing Ray (safe; 3% risk of failure)
Press: ? - help, Shift-Dir - straight line, f/p - Prince Ribbit
Aim: Prince Ribbit (heavily wounded, poisoned, 61% to hit)
The searing ray hits Prince Ribbit.
Prince Ribbit is severely wounded. (Press . to maintain the ray.) Prince Ribbit looks more healthy.
Prince Ribbit barely misses you. Prince Ribbit misses you.
The searing ray misses Prince Ribbit.
Prince Ribbit hits you.
The searing ray hits Prince Ribbit!
Prince Ribbit is almost dead.
Prince Ribbit hits you!
* * * LOW HITPOINT WARNING * * *
The searing ray misses Prince Ribbit.
You finish channelling your searing ray.
Prince Ribbit closely misses you. Prince Ribbit hits you!
You die...

.........## #..<........######.#
#.........####......(....#####..#
#.......#...#############......##
#.......###.### #.......[...
#.......# #...## #.#.########
#.......# ###..# #...# #.......#
##.# #..## ######### #.#######..#
#..@.#.[..## ####F..##.#
#(####.## #.#.....# #.#.....#
#.#.....# #.#.....# #.#.....#
#.#....(#


You could see Prince Ribbit.

Vanquished Creatures
  2 jellies (D:2)
  An iguana (D:4)
  A sleepcap (D:4)
  7 adders
  7 dart slugs
  2 orcs (D:4)
  11 endoplasms
  5 giant cockroaches
  7 goblins
  4 hobgoblins
  3 jackals (D:3)
  10 kobolds
  2 quokkas
  6 ball pythons
  5 bats
  5 frilled lizards
  3 rats
81 creatures vanquished.

Vanquished Creatures (others)
  4 fungi (D:2)
  7 plants (D:1)
  8 toadstools (D:2)
19 creatures vanquished.

Grand Total: 100 creatures vanquished

Notes
Turn   | Place    | Note
-------+----------+-------------------------------------------
     0 | D:1      | Lobster4 the Human Conjurer began the quest for the Orb.
     0 | D:1      | Reached XP level 1. HP: 13/13 MP: 3/3
   109 | D:1      | Reached XP level 2. HP: 20/20 MP: 0/5
   113 | D:1      | Learned a level 2 spell: Searing Ray
   298 | D:1      | Found a faded altar of an unknown god.
   585 | D:1      | Reached XP level 3. HP: 25/25 MP: 3/6
  1237 | D:2      | Reached skill level 1 in Fighting
  1237 | D:2      | Reached skill level 1 in Armour
  1496 | D:2      | Reached XP level 4. HP: 28/32 MP: 2/7
  1925 | D:2      | Reached skill level 1 in Short Blades
  2135 | D:2      | Reached XP level 5. HP: 37/37 MP: 2/8
  2492 | D:3      | Reached skill level 1 in Shields
  3101 | D:3      | Noticed a water moccasin
  3113 | D:3      | Reached XP level 6. HP: 29/44 MP: 2/10
  3248 | D:3      | Found a glowing golden altar of the Shining One.
  3490 | D:4      | Reached skill level 1 in Earth Magic
  3649 | D:4      | Noticed an ogre
  4252 | D:3      | Became a worshipper of the Shining One
  4406 | D:5      | Entered Level 5 of the Dungeon
  4406 | D:5      | Noticed a water moccasin
  4460 | D:5      | Noticed Prince Ribbit
  4527 | D:4      | Slain by Prince Ribbit

Illustrated notes

Levels and vault maps discovered:
D:1:      wander_arrival_fairy_ring, layout_loops_ring,
          hellmonk_ecumenical_altar_lost_god
D:2:      cheibrodos_fertilizer, layout_basic
D:3:      layout_loops_ring, nicolae_overflow_hidden_temple,
          minmay_quadrilaterals
D:4:      layout_basic, hangedman_decor_push
D:5:      layout_loops_ring, kiku_gazebo_garden_becter, lemuel_crystal_altar,
          uniq_prince_ribbit1, uniq_menkaure

Skill      XL: |  1  2  3  4  5  6 |
---------------+-------------------+-----
Fighting       | 1 2 |  2.0
Armour         | 1 2 |  2.0
Short Blades   | 1 |  1.5
Shields        | 1 |  1.2
Earth Magic    | 1 |  1.3
Dodging        | |  2.9
Stealth        | |  2.0
Spellcasting   | |  2.9
Conjurations   | |  4.6

Action                     |  1- 3 |  4- 6 || total
---------------------------+-------+-------++-------
  Melee: Club              |     3 |       ||     3
         Short sword       |       |     4 ||     4
  Throw: Dart              |       |     1 ||     1
   Cast: Magic Dart        |    55 |    85 ||   140
         Searing Ray       |     2 |    13 ||    15
  Evoke: Wand              |       |     1 ||     1
    Use: Scroll            |     4 |     6 ||    10
         Potion            |       |     2 ||     2
 Armour: Robe              |     1 |     8 ||     9
  Dodge: Dodged            |     6 |    25 ||    31
